 Dungeon Crawl Stone Soup version 0.19.1-1-g22dce08 (webtiles) character file.

485 ponk the Slasher (level 7, -1/52 HPs)
             Began as a Human Fighter on Jan 15, 2017.
             Killed by divine providence
             ... invoked by an orc priest
              (12 damage)
             ... on level 5 of the Dungeon.
             The game lasted 00:11:06 (3561 turns).

ponk the Slasher (Human Fighter)                    Turns: 3561, Time: 00:11:08

Health: -1/52      AC: 12    Str: 24    XL:     7   Next: 35%
Magic:  7/7        EV:  4    Int:  8    God:
Gold:   202        SH:  9    Dex: 12    Spells: 0 memorised, 6 levels left

rFire  . . .     SeeInvis .     a - +1 long sword
rCold  . . .     Gourm    .     t - +1 plate armour
rNeg   . . .     Faith    .     c - +0 shield
rPois  .         Spirit   .     (no helmet)
rElec  .         Reflect  .     (no cloak)
rCorr  +         Harm     .     (no gloves)
MR     .....                    (no boots)
Stlth  ..........               (no amulet)
                                j - ring of loudness (curse)
                                h - ring of resist corrosion

@: mighty
A: no striking features
a: no special abilities


You were on level 5 of the Dungeon.
You were not hungry.

You visited 1 branch of the dungeon, and saw 5 of its levels.

You collected 202 gold pieces.

Inventory:

Hand Weapons
 a - a +1 long sword (weapon)
 e - a +4 mace of holy wrath
Missiles
 k - 7 poisoned needles
 u - 3 tomahawks of returning (quivered)
Armour
 c - a +0 shield (worn)
 t - a +1 plate armour (worn)
Jewellery
 h - a ring of resist corrosion (left hand)
 j - a cursed ring of loudness (right hand)
Scrolls
 i - a scroll of magic mapping
 l - 2 scrolls of identify
 m - 2 scrolls of enchant weapon
 w - a scroll of fear {unknown}
 y - a scroll of recharging {unknown}
Potions
 b - a potion of invisibility {unknown}
 g - a potion of cancellation
 o - a potion of degeneration {unknown}
 s - a potion of curing {unknown}
 v - a potion of ambrosia {unknown}
 x - 2 potions of magic {unknown}
Comestibles
 f - 4 bread rations
 n - a slice of pizza
 p - a meat ration
 q - 2 beef jerkies
 r - 3 chunks of flesh


   Skills:
 - Level 3.1 Fighting
 + Level 7.1 Long Blades
 - Level 3.2 Armour
 - Level 0.2 Dodging
 - Level 3.4 Shields


You had 6 spell levels left.
You didn't know any spells.

Dungeon Overview and Level Annotations

Branches:
Dungeon (5/15)
 Temple: D:4-7

Altars:


Message History

You block the bullfrog skeleton's attack.
You block the orc priest's attack.
The orc wizard casts a spell.
The orc wizard seems to speed up.
The bullfrog skeleton completely misses you.
You riposte.
You slash the bullfrog skeleton!
The bullfrog skeleton is heavily damaged.
You slash the orc priest!
The orc priest is severely wounded.
The orc wizard hits you but does no damage.
The bullfrog skeleton barely misses you.
The orc priest hits you but does no damage.
Your shield and plate armour prevent you from hitting the orc priest.
The orc priest is severely wounded.
You block the orc wizard's attack.
The bullfrog skeleton hits you but does no damage.
You block the orc wizard's attack.
The orc priest mumbles some strange prayers to Beogh against you.
Beogh smites you!
You die...

#+ #. #. ##
##.## ..
#.#..o#.#
#...Z@).#
......o.....#
....##.##.#.#
### ## .# ..
# .


You could see an orc priest, an orc wizard and a bullfrog skeleton.

Vanquished Creatures
  A phantom (D:3)
  An ogre (D:4)
  A hound (D:4)
  2 orc priests (D:5)
  An orc wizard (D:4)
  A worker ant (D:4)
  Terence (D:3)
  An iguana (D:4)
  Robin (D:3)
  2 adders
  2 oozes
  An adder skeleton (D:4)
  A worm (D:4)
  2 dart slugs
  2 leopard geckos
  6 orcs
  A ball python (D:4)
  3 bats
  2 giant cockroaches
  9 goblins
  12 hobgoblins
  5 jackals
  3 quokkas
  3 frilled lizards
  4 kobolds
  5 rats
73 creatures vanquished.

Notes
Turn   | Place    | Note
-------+----------+-------------------------------------------
     0 | D:1      | ponk the Human Fighter began the quest for the Orb.
     0 | D:1      | Reached XP level 1. HP: 18/18 MP: 1/1
   127 | D:1      | Reached XP level 2. HP: 24/24 MP: 2/2
   362 | D:1      | Reached XP level 3. HP: 28/29 MP: 3/3
  1723 | D:4      | Reached skill level 3 in Long Blades
  1767 | D:3      | Reached XP level 4. HP: 28/35 MP: 4/4
  1986 | D:3      | Noticed Terence
  2000 | D:3      | Killed Terence
  2035 | D:3      | Noticed a phantom
  2062 | D:3      | Killed a phantom
  2062 | D:3      | Reached skill level 5 in Long Blades
  2062 | D:3      | Reached XP level 5. HP: 39/41 MP: 5/5
  2318 | D:3      | Noticed Robin
  2337 | D:3      | Killed Robin
  2337 | D:3      | Reached XP level 6. HP: 28/47 MP: 6/6
  3289 | D:4      | Reached skill level 6 in Long Blades
  3420 | D:4      | Noticed an ogre
  3424 | D:4      | Killed an ogre
  3424 | D:4      | Reached XP level 7. HP: 45/52 MP: 7/7
  3539 | D:5      | Entered Level 5 of the Dungeon
  3548 | D:5      | Reached skill level 7 in Long Blades
  3561 | D:5      | Killed from afar by an orc priest

Skill      XL: |  1  2  3  4  5  6  7 |
---------------+----------------------+-----
Long Blades    | 3 5 6 7 |  7.1
Fighting       | |  3.1
Armour         | |  3.2
Dodging        | |  0.2
Shields        | |  3.4

Action                   |  1- 3 |  4- 6 |  7- 9 || total
-------------------------+-------+-------+-------++-------
Melee: Long sword        |   107 |   202 |    17 ||   326
       Mace              |       |     5 |       ||     5
  Use: Scroll            |       |     8 |       ||     8
       Potion            |       |     2 |     1 ||     3
  Eat: Chunk             |     3 |     6 |       ||     9
Armor: Scale mail        |    25 |       |       ||    25
       Plate armour      |    34 |   119 |    23 ||   176
Dodge: Dodged            |    17 |    17 |     4 ||    38
Block: Shield            |    56 |    91 |    22 ||   169
       Rpst.: Long sword |     3 |     7 |     2 ||    12
